 Dungeon Crawl Stone Soup version 0.29.1-12-g30fa7ad0bf (webtiles) character file.

Game seed: 17265383626510969745

2949 wingedge the Skirmisher (level 9, -6/61 HPs)
             Began as an Octopode Fire Elementalist on Dec 29, 2022.
             Mangled by a killer bee (8 damage)
             ... on level 7 of the Dungeon.
             The game lasted 00:19:38 (7419 turns).

wingedge the Skirmisher (OpFE)                      Turns: 7419, Time: 00:19:39

Health: -6/61      AC:  1    Str:  8    XL:     9   Next: 81%
Magic:  24/33      EV: 15    Int: 19    God:
Gold:   402        SH:  0    Dex: 18    Spells: 3/16 levels left

rFire   . . .      SeeInvis .   a - +7 arbalest of Autumn {speed, rC+ Dex+4}
rCold   + . .      Faith    .   (shield currently unavailable)
rNeg    . . .      Spirit   .   (helmet restricted)
rPois   +          Reflect  .   (no amulet)
rElec   .          Harm     .   n - ring of magical power
rCorr   .          Rampage  .   x - ring of magical power
Will    .....                   i - ring of poison resistance
Stlth   ++........              (no ring)
HPRegen 0.20/turn               (no ring)
MPRegen 0.23/turn               (no ring)
                                (no ring)
                                (no ring)

@: confused, lethally poisoned (-6 -> -8), ambrosia-drunk, very slightly
contaminated
A: almost no armour, amphibious, 8 rings, camouflage 1, gelatinous body 1,
(nimble swimmer 1), tentacles
a: no special abilities


You were on level 7 of the Dungeon.
You visited 1 branch of the dungeon, and saw 7 of its levels.
You also visited: Sewer.

You collected 402 gold pieces.

Inventory:

Hand Weapons
 a - the +7 arbalest of Autumn (weapon) {speed, rC+ Dex+4}
   (You found it on level 2 of the Dungeon)

   Attacks with this weapon are significantly faster.
   Dex:       It affects your dexterity (+4).
   rC:        It protects you from cold.
 b - a +4 scimitar of freezing
Missiles
 f - 2 throwing nets
Magical Staves
 k - a staff of earth
 z - a staff of conjuration
Jewellery
 i - a ring of poison resistance (on tentacle)
 n - a ring of magical power (left tentacle)
 x - a ring of magical power (right tentacle)
Wands
 o - a wand of flame (18)
 r - a wand of polymorph (16)
 F - a wand of digging (2)
Scrolls
 c - 3 scrolls of immolation
 d - 4 scrolls of enchant weapon
 g - 2 scrolls of butterflies
 h - 4 scrolls of teleportation
 l - a scroll of blinking
 s - 2 scrolls of enchant armour
 u - a scroll of vulnerability {unknown}
 y - 2 scrolls of fear
Potions
 e - a potion of ambrosia
 j - 2 potions of lignification
 m - a potion of magic
 p - a potion of berserk rage {unknown}
 q - 2 potions of flight
 v - 2 potions of cancellation {unknown}
 w - a potion of heal wounds {unknown}
 A - a potion of mutation {unknown}
 B - a potion of resistance {unknown}
 C - a potion of brilliance {unknown}
 D - a potion of invisibility {unknown}
 E - 2 potions of might {unknown}


   Skills:
 + Level 5.1 Fighting
 + Level 8.0 Ranged Weapons
 - Level 4.0 Dodging
 - Level 3.0 Stealth
 - Level 4.0 Spellcasting
 + Level 4.6 Conjurations
 + Level 2.9 Hexes
 + Level 2.8 Translocations
 + Level 4.5 Fire Magic


You had 3 spell levels left.
You knew the following spells:

 Your Spells              Type           Power      Damage    Failure   Level
a - Foxfire               Conj/Fire      84%        2x1d8     1%          1
b - Slow                  Hex            56%        N/A       4%          1
c - Scorch                Fire           42%        2d7       3%          2
d - Blink                 Tloc           28%        N/A       6%          2
e - Portal Projectile     Hex/Tloc       28%        N/A       13%         3
f - Flame Wave            Conj/Fire      21%        2d8       21%         4

Your spell library contained the following spells:

 Spells                   Type           Power      Damage    Failure   Level
 Magic Dart               Conj           84%        1d7       1%          1
 Searing Ray              Conj           42%        2d6       3%          2
 Conjure Flame            Conj/Fire      21%        6-21      6%          3
 Inner Flame              Hex/Fire       18%        N/A       9%          3
 Gell's Gravitas          Tloc           14%        N/A       13%         3
 Lesser Beckoning         Tloc           14%        N/A       13%         3
 Teleport Other           Tloc           14%        N/A       13%         3
 Fulminant Prism          Conj/Hex       9%         3d7       28%         4
 Iskenderun's Battlesphe  Conj           21%        2d7       50%         5
 Anguish                  Hex/Necr       4%         N/A       58%         4
 Manifold Assault         Tloc           14%        N/A       75%         5
 Animate Dead             Necr           3%         N/A       80%         4
 Summon Mana Viper        Hex/Summ       9%         N/A       91%         5
 Iron Shot                Conj/Erth      6%         9d2       100%        6
 Haunt                    Necr/Summ      1%         N/A       100%        7
 Spellforged Servitor     Conj/Summ      6%         N/A       100%        7
 Storm Form               Tmut/Air       1%         N/A       100%        7
 Infestation              Necr           1%         N/A       100%        8


Dungeon Overview and Level Annotations

Branches:
Dungeon (7/15)              Sewer (visited)
 Temple: D:4-7

Altars:
Ru

Shops:
D:2 :

Portals:
Abyss: D:5


Innate Abilities, Weirdness & Mutations

You cannot wear most types of armour.
You are amphibious.
You can wear up to eight rings at the same time.
Your skin changes colour to match your surroundings (Stealth+).
Your rubbery body absorbs attacks. (AC +1, EV +1)
((You are camouflaged when in or above water. (Stealth+)))
You have tentacles for arms and can constrict up to eight enemies at once.


Message History

Casting: Flame Wave (quite dangerous; 22% risk of failure)
Press: ? - help, Dir - look around, f - activate A wave of flame ripples out!
The flame wave engulfs the killer bee!
The killer bee is almost dead.
The flame wave engulfs the killer bee!
The killer bee is severely wounded. (Press . to intensify the flame waves.)
You feel sick.
You hear an angry buzzing noise.
The killer bee stings you!
* * * LOW HITPOINT WARNING * * *
The killer bee closely misses you. The killer bee misses you.
The killer bee barely misses you.
A killer bee comes into view.
A wave of flame ripples out!
The flame wave engulfs the killer bee!
You kill the killer bee!
The flame wave engulfs the killer bee.
The killer bee is almost dead.
The flame wave engulfs the killer bee!
The killer bee is almost dead.
You feel sick. The killer bee stings you.
* * * LOW HITPOINT WARNING * * *
A wave of flame ripples out!
The flame wave engulfs the killer bee.
You kill the killer bee!
The flame wave engulfs the killer bee.
The killer bee is almost dead.
The flame wave engulfs the killer bee!
The killer bee is heavily wounded.
You finish channelling waves of flame.
You feel sick. The killer bee misses you.
Your Ranged Weapons skill increases to level 8!
Unknown command.
It was a potion of ambrosia.
You are confused.
You feel invigorated.
You feel sick.
The killer bee stings you but does no damage.
The killer bee stings you.
* * * LOW HITPOINT WARNING * * *
The killer bee misses you. The killer bee stings you!
You die...

...# ...# ...# ##
...# .. #### .# #
######## .# #
#......# y#
#########.####.##y#
................@y#
########...###.....#
# #...# ####..#
###### #...######..#
.....# #...........#
####.# #..######....
#.# #......# .###
#.# #....#.# .#
#.####...#.##.


You could see 3 killer bees.

Vanquished Creatures
  Maggie (D:6)
  Sigmund (D:6)
  A small abomination (D:5)
  Edmund (D:6)
  Duvessa (D:5)
  A water moccasin (D:6)
  An ice beast (D:6)
  2 black bears (D:5)
  2 ogres (D:5)
  A centaur (D:6)
  A phantom (D:6)
  2 bullfrogs (Sewer)
  A necrophage (D:6)
  2 scorpions
  5 wights (D:7)
  Dowan (D:5)
  3 killer bees (D:7)
  A howler monkey (D:6)
  A jelly (D:7)
  2 hounds
  A gnoll bouda (D:6)
  2 orc priests
  Crazy Yiuf (D:2)
  3 iguanas
  An orc wizard (D:5)
  Robin (D:2)
  8 gnolls
  13 adders
  2 river rats (Sewer)
  A shadow imp (D:6)
  2 white imps
  An ufetubus (D:6)
  A worm (D:6)
  The ghost of superradish the Sneak, a weakling DsDe (D:5)
  2 dart slugs
  12 orcs
  15 ball pythons
  3 endoplasms
  2 giant cockroaches
  7 hobgoblins
  2 quokkas (D:2)
  6 bats
  8 frilled lizards
  10 goblins
  6 kobolds
  36 rats
178 creatures vanquished.

Vanquished Creatures (others)
  50 foxfires
  5 plants
55 creatures vanquished.

Grand Total: 233 creatures vanquished

Notes
Turn   | Place    | Note
-------+----------+-------------------------------------------
     0 | D:1      | wingedge the Octopode Fire Elementalist began the quest for
                  | the Orb.
     0 | D:1      | Reached XP level 1. HP: 11/11 MP: 3/3
   743 | D:1      | Got Azapit's Secrets of the Oath
   786 | D:1      | Reached XP level 2. HP: 17/17 MP: 0/5
  1069 | D:2      | Found a faded altar of an unknown god.
  1307 | D:2      | Identified the +7 arbalest of Autumn {speed, rC+ Dex+4}
  1487 | D:2      | Reached skill level 1 in Ranged Weapons
  1487 | D:2      | Reached XP level 3. HP: 21/21 MP: 6/6
  1524 | D:2      | Noticed Robin
  1526 | D:2      | Killed Robin
  1527 | D:2      | Reached skill level 2 in Ranged Weapons
  1655 | D:2      | Found Samesat's Vocational Training.
  1842 | D:2      | Found a runed translucent door.
  1843 | D:2      | Noticed Crazy Yiuf
  1847 | D:2      | Killed Crazy Yiuf
  1848 | D:2      | Reached skill level 3 in Ranged Weapons
  1848 | D:2      | Reached XP level 4. HP: 11/27 MP: 7/7
  2177 | D:3      | You fall into a shaft and drop 1 floor!
  2184 | D:4      | Noticed a scorpion
  2190 | D:4      | Killed a scorpion
  2191 | D:4      | Reached XP level 5. HP: 19/35 MP: 8/8
  2645 | D:3      | Reached XP level 6. HP: 31/43 MP: 9/9
  3858 | D:5      | Entered Level 5 of the Dungeon
  3890 | D:5      | Found a transporter.
  3899 | D:5      | Noticed a small abomination
  3906 | D:5      | Found a transporter.
  3906 | D:5      | Noticed superradish's ghost (weakling DsDe)
  3913 | D:5      | Noticed a black bear
  3917 | D:5      | Killed a black bear
  3918 | D:5      | Reached skill level 1 in Hexes
  3918 | D:5      | Reached skill level 1 in Translocations
  3922 | D:5      | Found a one-way gate to the infinite horrors of the Abyss.
  4007 | D:5      | Killed a small abomination
  4008 | D:5      | Reached skill level 4 in Ranged Weapons
  4008 | D:5      | Reached XP level 7. HP: 13/48 MP: 10/10
  4048 | D:5      | Killed superradish's ghost
  4531 | D:5      | Noticed Duvessa
  4531 | D:5      | Noticed Dowan
  4539 | D:5      | Killed Duvessa
  4540 | D:5      | Reached skill level 5 in Ranged Weapons
  4540 | D:5      | Killed Dowan
  4615 | D:5      | Reached XP level 8. HP: 54/54 MP: 12/12
  4621 | D:5      | Reached skill level 6 in Ranged Weapons
  4932 | D:6      | Found a glowing drain.
  4945 | Sewer    | Entered a sewer
  5240 | Sewer    | HP: 2/54 [bullfrog (1)]
  5539 | Sewer    | Learned a level 1 spell: Slow
  5542 | Sewer    | Learned a level 2 spell: Scorch
  5545 | Sewer    | Learned a level 2 spell: Blink
  5549 | Sewer    | Learned a level 3 spell: Portal Projectile
  5554 | Sewer    | Learned a level 4 spell: Flame Wave
  5733 | D:6      | Noticed Edmund
  5974 | D:6      | Noticed Maggie
  5982 | D:6      | Killed Maggie
  5983 | D:6      | Reached skill level 5 in Fighting
  5983 | D:6      | Reached skill level 7 in Ranged Weapons
  5983 | D:6      | Reached XP level 9. HP: 61/61 MP: 14/14
  6141 | D:6      | Noticed Sigmund
  6154 | D:6      | Killed Sigmund
  6636 | D:6      | Found a sacrificial altar of Ru.
  6939 | D:6      | Killed Edmund
  7419 | D:7      | Reached skill level 8 in Ranged Weapons
  7419 | D:7      | HP: 2/61 [killer bee (6)]
  7419 | D:7      | Mangled by a killer bee

Illustrated notes

Levels and vault maps discovered:
D:1:      dpeg_arrival_rooms_with_view, layout_basic, item_on_display_a
D:2:      layout_loops_corners, ebering_ecumenical_altar_rust,
          serial_bayou_pond_b, nicolae_shop_vocational, uniq_crazy_yiuf_cottage,
          uniq_robin
D:3:      layout_loops_ring
D:4:      layout_gridville
D:5:      layout_basic, gammafunk_ghost_abyssal_escape, kennysheep_another_room,
          uniq_duvessa
D:6:      minmay_skewed_foursquare, layout_loops_ring, general_overflow_altar,
          cheibrodos_sewer_entry_drain, uniq_sigmund, uniq_maggie, uniq_edmund
D:7:      layout_basic, minmay_temple_entry_overgrown, serial_shops, shop,
          kennysheep_dice

Skill      XL: |  1  2  3  4  5  6  7  8  9 |
---------------+----------------------------+-----
Conjurations   | 2 3 4 |  4.6
Ranged Weapons | 1 3 4 5 7 8 |  8.0
Fighting       | 2 3 4 5 |  5.1
Hexes          | 2 |  2.9
Translocations | 2 |  2.8
Spellcasting   | 3 4 |  4.0
Dodging        | 4 |  4.0
Stealth        | 3 |  3.0
Fire Magic     | 4 |  4.5

Action                   |  1- 3 |  4- 6 |  7- 9 || total
-------------------------+-------+-------+-------++-------
Melee: Mace              |     4 |       |       ||     4
       Constrict         |     2 |       |       ||     2
       Unarmed           |       |       |     5 ||     5
 Fire: Arbalest          |    30 |    64 |   227 ||   321
 Cast: Foxfire           |    26 |       |     1 ||    27
       Slow              |       |       |     3 ||     3
       Scorch            |       |       |     2 ||     2
       Flame Wave        |       |       |     1 ||     1
  Use: Scroll            |       |     6 |     7 ||    13
       Potion            |       |       |     5 ||     5
 Stab: Sleeping          |     3 |       |       ||     3
       Confused          |       |       |     1 ||     1
Armor: Skin              |       |     2 |    13 ||    15
Dodge: Dodged            |     4 |     9 |    90 ||   103
